 Dungeon Crawl Stone Soup version 0.30-a0-462-gd5975efbca (webtiles) character file.

Game seed: 14911344794024597346

35 cforsyth the Slasher (level 3, 32/32 HPs)
             Began as an Armataur Gladiator on Dec 17, 2022.
             Quit the game on level 1 of the Dungeon.
             The game lasted 00:00:54 (453 turns).

cforsyth the Slasher (Armataur Gladiator)            Turns: 453, Time: 00:00:55

Health: 32/32      AC:  5    Str: 19    XL:     3   Next: 17%
Magic:  3/3        EV: 10    Int:  8    God:
Gold:   116        SH:  0    Dex: 13    Spells: 2/2 levels left

rFire   . . .      SeeInvis .    a - +0 long sword
rCold   . . .      Faith    .    (no shield)
rNeg    . . .      Spirit   .    b - +0 leather armour
rPois   .          Reflect  .    c - +0 helmet
rElec   .          Harm     .    (no cloak)
rCorr   .          Roll     +    (no gloves)
Will    .....                    (no barding)
Stlth   +.........               (no amulet)
HPRegen 0.25/turn                (no ring)
MPRegen 0.08/turn                (no ring)

@: no status effects
A: large, rugged brown scales 3, deformed body, armoured tail, roll, long
tongue, awkward tongue
a: no special abilities


You were on level 1 of the Dungeon.
You visited 1 branch of the dungeon, and saw 1 of its levels.

You collected 116 gold pieces.

Inventory:

Hand Weapons
 a - a +0 long sword (weapon)
Missiles
 d - 3 throwing nets (quivered)
 e - a javelin
Armour
 b - a +0 leather armour (worn)
 c - a +0 helmet (worn)
Scrolls
 f - 2 scrolls of teleportation {unknown}
 g - 3 scrolls of identify {unknown}
Potions
 h - a potion of degeneration {unknown}
 i - a potion of haste {unknown}


   Skills:
 + Level 2.3 Fighting
 + Level 3.1 Long Blades
 - Level 1.7 Throwing
 + Level 1.8 Armour
 - Level 2.1 Dodging


You had 2 spell levels left.
You didn't know any spells.
Your spell library was empty.

Dungeon Overview and Level Annotations

Branches:
Dungeon (1/15)

Altars:


Innate Abilities, Weirdness & Mutations

You are completely covered in rugged brown scales. (AC +3, +7% HP)
Armour fits poorly on your strangely shaped body.
You have a long armoured tail.
You roll when moving toward enemies. (Rampage)
Your long tongue fully drains potion bottles. (2x potion effects)
Your tongue gives you trouble enunciating. (1.5x scroll delay)


Message History

You kill the kobold!
No target in view!
No target in view!
No target in view!
No target in view!
No target in view!
No target in view!
Things that are here:
a +0 club; a kobold corpse You now have 116 gold pieces (gained 13).
You see here a +0 dagger.
A giant cockroach comes into view.
A giant cockroach is nearby!
A giant cockroach is nearby!
A giant cockroach is nearby!
Found a green potion.
You hit the giant cockroach.
You kill the giant cockroach!
No target in view!
No target in view!
No target in view!
No target in view!
No target in view!
No target in view!
i - a green potion An endoplasm comes into view.
An endoplasm is nearby!
An endoplasm is nearby!
The endoplasm quivers.
You hit the endoplasm.
The endoplasm is moderately wounded.
The endoplasm closely misses you.
You slash the endoplasm!
You kill the endoplasm!
No target in view!
No target in view!
No target in view!
No target in view!
No target in view!
Are you sure you want to abandon this character and quit the game? (Confirm with "yes".)

##.## #.# #..#. ###...###.#
#.##. .......##.# #####.##.
###....##.# ###........
.....#÷# #.......###
######.##.# ##### #.#.....#
...÷......######...##
#.#..####
....÷...............###.#..#
..........####..@....##.#..#
#...)..##.............#.#..#
#.###..####...........#.#..#
.## ##.####.###.....#.#.#..#
.# #......# #....##.#.#..#
.## ##.####.# #.#.... #.#..#
..###..# #.# #.#..####)# #
##.....####.###.#..####.#..#
..............).....)......#


There were no monsters in sight!

Vanquished Creatures
  2 dart slugs (D:1)
  3 endoplasms (D:1)
  A giant cockroach (D:1)
  A goblin (D:1)
  2 hobgoblins (D:1)
  4 jackals (D:1)
  4 kobolds (D:1)
  2 quokkas (D:1)
  4 ball pythons (D:1)
  A bat (D:1)
  A frilled lizard (D:1)
  2 rats (D:1)
27 creatures vanquished.

Notes
Turn   | Place    | Note
-------+----------+-------------------------------------------
     0 | D:1      | cforsyth the Armataur Gladiator began the quest for the
                  | Orb.
     0 | D:1      | Reached XP level 1. HP: 18/18 MP: 1/1
    87 | D:1      | Reached skill level 1 in Armour
    87 | D:1      | Reached XP level 2. HP: 25/25 MP: 2/2
   245 | D:1      | Reached skill level 3 in Long Blades
   322 | D:1      | Reached XP level 3. HP: 31/31 MP: 3/3
   453 | D:1      | Quit the game

Illustrated notes

Levels and vault maps discovered:
D:1:      erik_arrival_blinker_ship, layout_loops_ring, minmay_tetromino_l4

Skill      XL: |  1  2 |
---------------+-------+-----
Fighting       | 2 |  2.3
Armour         | 1 |  1.8
Long Blades    | 3 |  3.1
Throwing       | |  1.7
Dodging        | |  2.1

Action                   || total
-------------------------++-------
Melee: Long sword        ||    54
       Tailslap          ||     6
Armor: Leather armour    ||    22
Dodge: Dodged            ||    21

Table legend: (Time is in decaauts)
 A = Elapsed time spent in this place.
 B = Non-inter-level travel time spent in this place.
 C = Inter-level travel time spent in this place.
 D = Time resting spent in this place.
 E = Time spent auto-exploring this place.
 F = Levels seen in this place.
 G = Mean time per level.
                   A        B        C        D        E       F      G
               +--------+--------+--------+--------+--------+-----+--------+
         Total |    467 |    467 |      0 |      0 |    334 |   1 |  467.0 |
       Dungeon |    467 |    467 |      0 |      0 |    334 |   1 |  467.0 |
               +--------+--------+--------+--------+--------+-----+--------+

Top non-repeatable levels by time:
     D:1: 467 daAuts
